Map: King's Cove LE

Players

FizzFrizz

  • Race: Zerg Zerg
  • League: Diamond
  • Spawn Location: 5:00

A.I. 1 (Very Easy) - Winner!

  • Race: Protoss Protoss
  • Spawn Location: 11:00

VOD

Have the link to the VOD?

Description

Time

  • Played on: April 23, 2019, 12:12 a.m.
  • Length: 4:20
Show
View Real Time Build Order
Export as new Build Order

FizzFrizz Zerg 

Build Orders: Hatch First 

Get SALT Encoding   

  12  0:01  Drone  
  13  0:13  Overlord  
  13  0:18  Drone  
  14  0:31  Drone x2  
  16  0:53  Hatchery  
  16  0:55  Drone  
  16  0:58  Drone  
  16  1:02  Drone  
  18  1:12  Extractor  
  17  1:19  Spawning Pool  
  17  1:23  Drone  
  17  1:25  Drone  
  18  1:29  Drone  
  19  1:42  Drone  
  20  1:54  Hatchery  
  20  1:57  Drone  
  20  2:07  Queen  
  22  2:11  Drone  
  23  2:16  Drone  
  23  2:17  Drone  
  23  2:20  Drone  
  26  2:26  Metabolic Boost  
  26  2:32  Overlord  
  26  2:37  Zergling x4  
  28  2:50  Queen  
  30  2:55  Zergling x2  
  30  2:57  Queen  
  33  3:02  Drone x3  
  36  3:08  Queen  
  36  3:12  Overlord  
  38  3:16  Drone  
  40  3:20  Drone x2  
  40  3:23  Drone  
  42  3:31  Overlord  
  42  3:33  Queen  
  44  3:44  Drone  
  44  3:45  Drone  
  46  4:01  Extractor  
  46  4:02  Extractor  
  44  4:03  Drone x3  
  44  4:04  Drone x3  
  44  4:06  Drone x2  
  44  4:07  Drone x3  
Show
View Real Time Build Order
Export as new Build Order

A.I. 1 (Very Easy) Protoss - Winner!

Build Orders: 1 Gate Expand, Nexus First 

Get SALT Encoding   

  12  0:00  Probe  
  13  0:13  Probe  
  14  0:21  Pylon  
  14  0:42  Gateway  
  14  1:03  Nexus  
  14  1:20  Pylon  
  14  1:21  Zealot  
  14  1:23  Assimilator  
  16  1:38  Cybernetics Core, Probe  
  17  1:50  Probe  
  18  2:00  Probe  
  18  2:01  Assimilator  
  19  2:08  Probe  
  19  2:15  Stalker  
  22  2:16  Warp Gate  
  22  2:17  Probe  
  22  2:20  Probe  
  24  2:32  Probe  
  25  2:39  Probe  
  26  2:50  Probe  
  27  2:52  Assimilator  
  27  2:54  Pylon  
  27  2:57  Probe  
  28  3:02  Probe  
  29  3:12  Probe  
  30  3:14  Robotics Facility  
  30  3:15  Probe  
  31  3:29  Zealot, Probe  
  34  3:36  Probe  
  35  3:43  Probe  
  36  3:50  Probe  
  37  3:57  Probe  
  38  4:04  Probe  
Tags
 
Add a new tag
Caveats
  • Supply blocks, unpowered buildings, or Contaminate may cause inaccurate times.
  • Supply counts are checked every 10 seconds.